 Dungeon Crawl Stone Soup version 0.23-a0-57-gd13e5294dc (webtiles) character file.

29 GordonOverkill the Magician (level 3, 0/26 HPs)
             Began as a Mummy Wizard on Aug 9, 2018.
             Slain by a jackal (2 damage)
             ... on level 1 of the Dungeon.
             The game lasted 00:02:05 (870 turns).

GordonOverkill the Magician (Mummy Wizard)           Turns: 870, Time: 00:02:05

Health: 0/26       AC:  2    Str: 10    XL:     3   Next: 1%
Magic:  0/9        EV: 12    Int: 18    God:
Gold:   65         SH:  0    Dex: 10    Spells: 10/11 levels left

rFire    x . .     SeeInvis .   d - +0 dagger
rCold    + . .     Gourm    .   (no shield)
rNeg     + + +     Faith    .   a - +0 robe
rPois    ∞         Spirit   .   b - +0 hat
rElec    .         Reflect  .   (no cloak)
rCorr    .         Harm     .   (no gloves)
MR       .....                  (no boots)
Stlth    ++........             (no amulet)
HPRegen  0.08/turn              (no ring)
MPRegen  0.11/turn              (no ring)

@: very slightly contaminated
A: no food or potions, fire vulnerability, cold resistance 1, negative energy
resistance 3, torment resistance, unbreathing
a: no special abilities


You were on level 1 of the Dungeon.
You were not hungry.

You visited 1 branch of the dungeon, and saw 1 of its levels.

You collected 65 gold pieces.

Inventory:

Hand Weapons
 d - a +0 dagger (weapon)
Armour
 a - a +0 robe (worn)
 b - a +0 hat (worn)
Jewellery
 c - an uncursed ring of protection from fire {unknown}
 e - a cursed ring of teleportation {unknown}
Scrolls
 f - a scroll of identify {unknown}


   Skills:
 + Level 1.3 Fighting
 - Level 1.5 Dodging
 - Level 1.5 Stealth
 + Level 4.5 Spellcasting
 + Level 1.4 Conjurations
   Level 0.7 Summonings
   Level 0.7 Translocations


You had 10 spell levels left.
You knew the following spells:

 Your Spells              Type           Power        Failure   Level  Hunger
a - Magic Dart            Conj           #...         8%          1    N/A

Your spell library contained the following spells:

 Spells                   Type           Power        Failure   Level  Hunger
 Conjure Flame            Conj/Fire      #.......     30%         3    N/A
 Slow                     Hex            #.......     22%         2    N/A
 Mephitic Cloud           Conj/Pois/Air  #.......     34%         3    N/A
 Blink                    Tloc           N/A          16%         2    N/A
 Call Imp                 Summ           #.......     16%         2    N/A

Dungeon Overview and Level Annotations

Branches:
Dungeon (1/15)

Altars:


Innate Abilities, Weirdness & Mutations

You do not eat or drink.
Your flesh is vulnerable to fire.
You are immune to poison.
Your flesh is cold resistant. (rC+)
You are immune to negative energy. (rN+++)
You are immune to unholy pain and torment.
You can survive without breathing.


Message History

Aim: a jackal (heavily wounded)
The magic dart hits the jackal.
The jackal is heavily wounded.
The jackal bites you.
* * * LOW HITPOINT WARNING * * *
The jackal closely misses you. The jackal closely misses you.
The jackal bites you.
* * * LOW HITPOINT WARNING * * *
Casting: Magic Dart (safe; 8% risk of failure)
Confirm with . or Enter, or press ? or * to list all spells.
Aiming: Magic Dart (safe; 8% risk of failure)
Press: ? - help, Shift-Dir - straight line, f/p - jackal
Aim: a jackal (moderately wounded)
You miscast Magic Dart.
You are very lightly contaminated with residual magic.
Nothing appears to happen.
The jackal bites you.
* * * LOW HITPOINT WARNING * * *
The jackal bites you.
You die...

...........###..#.#.##
...........# #.##...#
...........###.##..########.
..÷.........................
...).......#................
..#.............rK.........#
..#[.#######.#######r......#
#..!.r.####...####....######
##.#.....#r.≈..#@hK..##
###8..≈....≈....≈..8#
##...≈..≈≈≈..≈...## .#
##.....≈≈≈≈≈≈≈.....## .#
#....≈≈≈≈...≈≈≈≈....# #.#
#..≈≈≈≈≈..<..≈≈≈≈≈..######.####
#....≈≈≈≈...≈≈≈≈...............
##.....≈≈≈≈≈≈≈.....#.......>...
##...≈..≈≈≈..≈...##...........


You could see a jackal, a kobold and a rat.

Vanquished Creatures
  A gnoll (D:1)
  A leopard gecko (D:1)
  4 bats (D:1)
  A giant cockroach (D:1)
  A goblin (D:1)
  A hobgoblin (D:1)
  2 jackals (D:1)
  3 kobolds (D:1)
  4 rats (D:1)
18 creatures vanquished.

Notes
Turn   | Place    | Note
-------+----------+-------------------------------------------
     0 | D:1      | GordonOverkill the Mummy Wizard began the quest for the Orb.
     0 | D:1      | Reached XP level 1. HP: 13/13 MP: 5/5
   148 | D:1      | Reached skill level 1 in Conjurations
   219 | D:1      | Reached skill level 1 in Fighting
   219 | D:1      | Reached XP level 2. HP: 11/21 MP: 0/7
   799 | D:1      | Reached XP level 3. HP: 22/26 MP: 0/9
   870 | D:1      | Slain by a jackal

Vault maps used:
D:1:      eino_arrival_water_star

Skill      XL: |  1 |
---------------+----+-----
Conjurations   | 1 |  1.4
Fighting       | 1 |  1.3
Dodging        | |  1.5
Stealth        | |  1.5
Spellcasting   | |  4.5
Summonings     | |  0.7
Translocations | |  0.7

Action                   || total
-------------------------++-------
Melee: Unarmed           ||    13
       Dagger            ||    11
 Cast: Magic Dart        ||    61
Armor: Robe              ||    20
Dodge: Dodged            ||    55

Table legend:
 A = Spawn XP
 B = Non-spawn XP
 C = Spawn XP percentage of total XP
 D = Spawn monster count
 E = Non-spawn monster count
 F = Spawn count percentage of total count
 G = Total turns spent on level
                    A         B        C        D         E        F      G
               +---------+---------+-------+---------+---------+-------+---------
         Total |       0 |      42 |   0.0 |       0 |      18 |   0.0 |   870
               +---------+---------+-------+---------+---------+-------+---------
           D:1 |       0 |      42 |   0.0 |       0 |      18 |   0.0 |   870
               +---------+---------+-------+---------+---------+-------+---------
